 Dungeon Crawl Stone Soup version 0.31.0-32-g396128a36d (webtiles) character file.

Game seed: 3262133668136289868

18715 spaghetti the Warrior (level 12, -12/148 HPs)
             Began as an Oni Summoner on Mar 12, 2024.
             Was an Initiate of Gozag.
             Mangled by a nameless horror (24 damage)
             ... created by miscasting Monstrous Menagerie
             ... on level 1 of the Lair of Beasts.
             The game lasted 00:35:26 (17637 turns).

spaghetti the Warrior (Oni Summoner)               Turns: 17637, Time: 00:35:26

Health: -12/148    AC:  8    Str: 15    XL:     12   Next: 61%
Magic:  1/24       EV: 19    Int: 20    God:    Gozag
Gold:   156        SH:  0    Dex:  9    Spells: 11/27 levels left

rFire   . . .        r - +8 hand axe of Xeox {freeze, rPois rCorr Stlth-}
rCold   . . .        (no shield)
rNeg    . . .        h - +0 steam dragon scales
rPois   +            (helmet restricted)
rElec   .            i - +1 cloak
rCorr   +            (gloves unavailable)
SInv    .            (boots unavailable)
Will    +....        (no amulet) Stlth
                     t - +5 ring of evasion
HPRegen 0.44/turn    o - +5 ring of evasion
MPRegen 0.19/turn

%: no passive effects
@: about to teleport, very slightly contaminated
A: large, unfitting armour, horns 2, tough skin 1, double potion healing,
drunken brawling, wild magic 1
a: Renounce Religion, Potion Petition, Call Merchant, Bribe Branch


You were on level 1 of the Lair of Beasts.
You worshipped Gozag.
Gozag was aware of your devotion.
You visited 3 branches of the dungeon, and saw 14 of its levels.

You collected 1546 gold pieces.
You spent 540 gold pieces at shops.
You paid 850 gold pieces to Gozag.

Inventory:

Hand Weapons
 c - a +3 dagger of speed
 f - the +3 short sword of the Moth {speed, rCorr}
   (You found it on level 4 of the Dungeon)

   rCorr:     It protects you from acid and corrosion.
 r - the +8 hand axe of Xeox (weapon) {freeze, rPois rCorr Stlth-}
   (You took it off a vampire on level 9 of the Dungeon)

   rPois:     It protects you from poison rCorr: It protects you from acid and
   corrosion.
   Stlth-:    It makes you less stealthy.
 u - a +0 heavy giant spiked club
 E - a +0 spectral lajatang
Missiles
 z - a throwing net (quivered)
Armour
 a - a +0 robe
 h - +0 steam dragon scales (worn)
 i - a +1 cloak (worn)
Jewellery
 d - a ring of flight
 e - a ring of protection from cold
 g - a +6 ring of dexterity
 o - a +5 ring of evasion (right hand)
 t - a +5 ring of evasion (left hand)
 F - a ring of poison resistance
Wands
 m - a wand of flame (18)
 p - a wand of iceblast (7)
 w - a wand of digging (7)
 y - a wand of paralysis (3)
 A - a wand of polymorph (6)
Scrolls
 k - a scroll of amnesia
 n - a scroll of vulnerability
 q - a scroll of revelation
 s - 6 scrolls of identify
 C - a scroll of enchant weapon
Potions
 l - 10 potions of degeneration
 D - a potion of mutation


   Skills:
 - Level 17.1 Fighting
 - Level 1.7 Dodging
 - Level 1.4 Stealth
 - Level 8.4 Spellcasting
 + Level 12.9 Summonings
 - Level 1.1 Air Magic


You had 11 spell levels left.
You knew the following spells:

 Your Spells              Type           Power      Damage    Failure   Level
a - Summon Lightning Spi  Summ/Air       47%        N/A       8%          4
b - Call Imp              Summ           100%       N/A       1%          2
c - Call Canine Familiar  Summ           67%        N/A       1%          3
d - Monstrous Menagerie   Summ           33%        N/A       43%         7

Your spell library contained the following spells:

 Spells                   Type           Power      Damage    Failure   Level
 Summon Small Mammal      Summ           100%       N/A       1%          1
 Summon Ice Beast         Ice/Summ       44%        N/A       3%          3
 Summon Blazeheart Golem  Fire/Summ      44%        N/A       10%         4
 Freeze                   Ice            40%        1d6       13%         1
 Jinxbite                 Hex            20%        N/A       17%         2
 Summon Mana Viper        Hex/Summ       44%        N/A       22%         5
 Frozen Ramparts          Ice            20%        1d4       32%         3
 Fugue of the Fallen      Necr           10%        N/A       32%         3
 Hailstorm                Conj/Ice       10%        3d6       32%         3
 Yara's Violent Unravell  Hex/Alch       5%         3d4       95%         5
 Death Channel            Necr           5%         N/A       100%        6
 Starburst                Conj/Fire      5%         6d4       100%        6
 Enfeeble                 Hex            5%         N/A       100%        7


Dungeon Overview and Level Annotations

Branches:
Dungeon (12/15)            Temple (1/1) D:7            Lair (1/5) D:9
    Orc (0/2) D:11

Altars:
Ashenzari
Cheibriados
Dithmenos
Fedhas
Gozag
Hepliaklqana
Kikubaaqudgha
Nemelex Xobeh
Okawaru
Qazlal
Ru
Sif Muna
Trog
Uskayaw
Vehumet
Wu Jian
Xom
Yredelemnul
Zin
The Shining One

Shops:
D:7 =[:[   D:8 [[   D:9 [

Annotations:
D:5 exclusion: oklob plant
D:9 2 runed translucent doors, exclusion: orange crystal statue
D:12 Azrael


Innate Abilities, Weirdness & Mutations

You are too large for most types of armour.
You have a pair of horns on your head.
You have tough skin. (AC +1)
You gain doubled healing and magic from potions.
Whenever you drink a healing potion, you attack all around you.
Your spells are a little harder to cast, but a little more powerful.


Message History

The blink frog misses you. The nameless horror barely misses you.
You closely miss the blink frog. Your headbutt misses the blink frog.
The blink frog is almost dead.
You hit the nameless horror. You freeze the nameless horror.
The nameless horror hits you!!
* * * LOW HITPOINT WARNING * * *
The blink frog blinks!
The blink frog is no longer moving slowly.
The nameless horror hits you but does no damage.
The blink frog hits you!
* * * LOW HITPOINT WARNING * * *
You hit the nameless horror. You freeze the nameless horror.
The nameless horror is heavily damaged.
You slash the blink frog!
The blink frog seems to slow down.
You freeze the blink frog. The nameless horror closely misses you.
The blink frog closely misses you. The nameless horror closely misses you.
You hit the nameless horror. You freeze the nameless horror.
You headbutt the nameless horror, but do no damage.
The nameless horror is severely damaged.
You hit the blink frog. You freeze the blink frog.
The blink frog is no longer moving slowly.
The blink frog hits you!
* * * LOW HITPOINT WARNING * * *
The blink frog blinks!
The nameless horror closely misses you. The blink frog hits you.
* * * LOW HITPOINT WARNING * * *
The blink frog blinks!
Okay, then.
You take a swig of the potion and twirl the +8 hand axe of Xeox {freeze, rPois rCorr Stlth-}.
You hit the nameless horror but do no damage.
You headbutt the nameless horror, but do no damage.
The nameless horror is severely damaged.
You savour every drop.
You feel better. The nameless horror hits you!!
* * * LOW HITPOINT WARNING * * *
You feel your power leaking away.
Okay, then.
As you read the scroll of teleportation, it crumbles to dust.
You feel strangely unstable. The nameless horror hits you!!
You die...
Your body crumbles into a pile of gold.

## #.. #... ##..# #####
#....##.#.#####.#
#...............
#.....X..##.##F
#...FF@..##
#.....ยงยง..#
#........## #........##
### ### #
#.........###.###.#####
#..............[.......
#..................<...
#................##.####
##................###


You could see a nameless horror and 2 blink frogs.

Vanquished Creatures
  An ettin (D:12)
  Harold (D:11)
  A skeletal warrior (D:11)
  A black mamba (Lair:1)
  Maggie (D:7)
  A rime drake (Lair:1)
  A troll (D:11)
  A fire elemental (D:12)
  A vampire (D:9)
  A shadow (D:11)
  A wyvern (D:9)
  5 yaks
  5 steam dragons
  4 vampire mosquitoes
  2 water moccasins (Lair:1)
  2 nameless horrors
  An ice beast (D:8)
  An orc warrior (D:11)
  6 wolves (Lair:1)
  An ogre (D:7)
  2 centaurs
  6 bullfrogs
  2 scorpions
  14 wights
  12 killer bees
  A howler monkey (D:9)
  3 orc priests
  2 jellies (D:5)
  2 hounds
  3 iguanas
  8 orc wizards
  3 gnolls (D:4)
  6 adders
  A ribbon worm (D:3)
  21 orcs
  6 ball pythons
  2 bats (D:1)
  7 endoplasms
  A goblin (D:2)
  4 hobgoblins
  4 jackals
  2 kobolds
  2 quokkas
  A frilled lizard (D:1)
  4 rats
157 creatures vanquished.

Vanquished Creatures (collateral kills)
  A two-headed ogre (D:8)
  A skeletal warrior (D:11)
  2 manticores (D:11)
  A cane toad (Lair:1)
  A black mamba (Lair:1)
  A gargoyle (D:12)
  A komodo dragon (Lair:1)
  A kobold demonologist (D:12)
  Jeremiah (D:7)
  Psyche (D:12)
  A troll (D:12)
  2 blink frogs (Lair:1)
  A shadow (D:11)
  9 yaks (Lair:1)
  2 fire elementals
  A basilisk (Lair:1)
  A steam dragon (D:10)
  3 vampire mosquitoes
  A hell hound (D:11)
  A water moccasin (Lair:1)
  3 acid dragons
  A swamp drake (D:11)
  3 orc warriors
  2 black bears
  4 ogres
  7 wolves (Lair:1)
  4 nameless horrors
  A scorpion (D:5)
  2 bullfrogs (Lair:1)
  A gnoll sergeant (D:11)
  3 wights (D:8)
  8 killer bees (D:12)
  A bombardier beetle (D:3)
  A howler monkey (D:6)
  A jelly (D:8)
  6 orc priests
  An iguana (D:5)
  An adder (D:2)
  6 gnolls
  A shadow imp (D:6)
  2 ribbon worms (D:2)
  A dart slug (D:2)
  26 orcs
  2 endoplasms
  4 goblins
  3 hobgoblins
  3 jackals
  2 kobolds
  2 quokkas
  4 ball pythons
  A bat (D:1)
  A frilled lizard (D:1)
  3 rats
144 creatures vanquished.

Vanquished Creatures (others)
  An orc priest (D:10)
  2 orcs
3 creatures vanquished.

Grand Total: 304 creatures vanquished

Notes
Turn   | Place    | Note
-------+----------+-------------------------------------------
     0 | D:1      | spaghetti the Oni Summoner began the quest for the Orb.
     0 | D:1      | Reached XP level 1. HP: 16/16 MP: 3/3
   248 | D:1      | Reached XP level 2. HP: 24/24 MP: 1/6
   925 | D:1      | Reached XP level 3. HP: 27/31 MP: 5/8
   928 | D:1      | Learned a level 2 spell: Call Imp
   932 | D:1      | Learned a level 3 spell: Call Canine Familiar
  1615 | D:2      | Reached XP level 4. HP: 13/39 MP: 4/10
  1866 | D:2      | Reached skill level 5 in Spellcasting
  2244 | D:2      | Found a faded altar of an unknown god.
  2588 | D:3      | Reached XP level 5. HP: 40/45 MP: 8/13
  2715 | D:3      | Found a shimmering blue altar of Sif Muna.
  3400 | D:3      | Reached XP level 6. HP: 31/53 MP: 10/15
  3612 | D:4      | Identified the +3 short sword of the Moth {speed, rCorr}
  3614 | D:4      | Noticed a black bear
  3636 | D:4      | Killed a black bear
  3871 | D:4      | Reached skill level 2 in Fighting
  3871 | D:4      | Reached XP level 7. HP: 65/65 MP: 13/18
  4009 | D:4      | Reached skill level 3 in Fighting
  4054 | D:4      | Reached skill level 4 in Fighting
  4758 | D:5      | Entered Level 5 of the Dungeon
  4916 | D:5      | Reached skill level 5 in Fighting
  4962 | D:5      | Reached skill level 6 in Fighting
  5042 | D:5      | Reached skill level 7 in Fighting
  5042 | D:5      | Reached XP level 8. HP: 87/87 MP: 16/20
  5129 | D:5      | Found a broken altar of Ashenzari.
  5165 | D:5      | Found a basalt altar of Yredelemnul.
  5350 | D:5      | Found a bloodstained altar of Trog.
  5470 | D:5      | Found a blossoming altar of Fedhas.
  5490 | D:5      | Noticed an oklob plant
  5749 | D:6      | Reached skill level 8 in Fighting
  5971 | D:6      | Reached skill level 9 in Fighting
  6243 | D:6      | You fall into a shaft and drop 3 floors!
  6285 | D:9      | Reached skill level 10 in Fighting
  6370 | D:9      | Noticed a wyvern
  6400 | D:9      | Killed a wyvern
  6401 | D:9      | Reached skill level 11 in Fighting
  6454 | D:9      | Noticed a yak
  6459 | D:9      | Noticed a yak
  6463 | D:9      | Noticed a yak
  6467 | D:9      | Killed a yak
  6468 | D:9      | Reached XP level 9. HP: 84/105 MP: 16/21
  6577 | D:9      | Reached skill level 12 in Fighting
  6698 | D:9      | Found a staircase to the Lair.
  6733 | D:9      | Gained mutation: You have a pair of horns on your head.
                  | [potion of mutation]
  6733 | D:9      | Gained mutation: Your spells are a little harder to cast,
                  | but a little more powerful. [potion of mutation]
  6939 | D:9      | Reached skill level 13 in Fighting
  7163 | D:9      | Found a runed translucent door.
  7170 | D:9      | Found the +10 tower shield of Ignorance {rN+ Int-4}
  7200 | D:9      | Found a runed translucent door.
  7210 | D:9      | Noticed an orange crystal statue
  7286 | D:9      | Found Cunyc's Armour Shoppe.
  7469 | D:10     | Entered Level 10 of the Dungeon
  7611 | D:10     | Identified the +8 hand axe of Xeox {freeze, rPois rCorr
                  | Stlth-}
  7762 | D:8      | Reached skill level 14 in Fighting
  7898 | D:8      | Reached skill level 15 in Fighting
  7907 | D:8      | Reached XP level 10. HP: 53/122 MP: 14/22
  8112 | D:8      | Noticed a two-headed ogre
  8154 | D:8      | Killed a two-headed ogre
  8155 | D:8      | Reached skill level 16 in Fighting
  8417 | D:8      | Found Ivihyv's Superior Scales.
  8578 | D:8      | Found Ilyssog's Armour Shoppe.
  8863 | D:7      | Identified the +1 dagger "Socataz" {antimagic, rPois rF-
                  | Str+5 Int+3}
  8929 | D:7      | Found Hil Xoidgh's Jewellery Shoppe.
  9172 | D:7      | Noticed Maggie
  9195 | D:7      | Killed Maggie
  9196 | D:7      | Reached skill level 17 in Fighting
  9271 | D:7      | Found Vuebaaj's Armour Emporium.
  9278 | D:7      | Noticed Jeremiah
  9339 | D:7      | Learned a level 4 spell: Summon Lightning Spire
  9342 | D:7      | Killed Jeremiah
  9343 | D:7      | Reached skill level 1 in Air Magic
  9479 | D:7      | Found a staircase to the Ecumenical Temple.
  9488 | D:7      | Found a hazy altar of Hepliaklqana.
  9492 | D:7      | Found a shadowy altar of Dithmenos.
  9524 | D:7      | Found Jiemmoin's Book Shoppe.
  9540 | Temple   | Entered the Ecumenical Temple
  9556 | Temple   | Became a worshipper of Gozag Ym Sagoz the Greedy
  9833 | D:7      | Found Anaetu's Armour Boutique.
 11463 | D:10     | Reached skill level 5 in Summonings
 11723 | D:11     | Noticed a skeletal warrior
 11861 | D:11     | Noticed a skeletal warrior
 12072 | D:11     | Killed a skeletal warrior
 12073 | D:11     | Reached XP level 11. HP: 139/139 MP: 14/23
 12360 | D:11     | Killed a skeletal warrior
 13048 | Lair:1   | Entered Level 1 of the Lair of Beasts
 13388 | Lair:1   | Reached skill level 10 in Summonings
 13934 | D:7      | Bought a book of Beasts for 540 gold pieces
 13942 | D:7      | Learned a level 7 spell: Monstrous Menagerie
 14037 | D:11     | Noticed a manticore
 14051 | D:11     | Killed a manticore
 14113 | D:11     | Noticed a manticore
 14130 | D:11     | Killed a manticore
 14131 | D:11     | Reached XP level 12. HP: 148/148 MP: 7/24
 14473 | D:11     | Noticed Harold
 14497 | D:11     | Killed Harold
 14515 | D:11     | Noticed a nameless horror
 14555 | D:11     | Killed a nameless horror
 15135 | D:11     | Found a staircase to the Orcish Mines.
 15541 | D:12     | Noticed Psyche
 15542 | D:12     | Noticed a nameless horror
 15546 | D:12     | Killed Psyche
 15550 | D:12     | Killed a nameless horror
 15811 | D:12     | Noticed Azrael
 16159 | D:12     | Noticed a two-headed ogre
 16465 | D:12     | Noticed a two-headed ogre
 16469 | D:12     | Noticed an ettin
 16943 | D:12     | HP: 4/148 [ettin/+0 dire flail (24)]
 16944 | D:12     | Killed an ettin
 16957 | D:12     | HP: 7/148 [killer bee (1)]
 17473 | Lair:1   | Got Cebuak's Annotations on Decaying Conflagration
 17620 | Lair:1   | Noticed a nameless horror
 17621 | Lair:1   | Noticed a nameless horror
 17629 | Lair:1   | Killed a nameless horror
 17637 | Lair:1   | Mangled by a nameless horror

Illustrated notes

Levels and vault maps discovered:
D:1:      eino_arrival_water_cross, layout_basic
D:2:      minmay_skewed_foursquare, layout_loops_corners,
          chequers_ecumenical_altar_simple_redux, wad_floor_pattern_1
D:3:      layout_rooms, mainiacjoe_overflow_cross_hatched
D:4:      minmay_door_path, layout_cave_pools, minmay_hedge_maze,
          wad_floor_pattern_untrapped
D:5:      layout_rooms, overflow_temple_1_default, tgw_fedhas,
          jmf_multi_god_temple2
D:6:      layout_cave_pools, gammafunk_temple_overflow_statue
D:7:      layout_loops_ring, riverfiend_overflow_shadow_ancestor,
          minmay_temple_entry_wispy, serial_shops, shop,
          nicolae_shop_behind_doors, shop, nicolae_shop_peninsula,
          serial_library, serial_library_regret_index_split_case,
          serial_library_regret_index_multi, serial_library_hellmonk_hallway_b,
          serial_library_hellmonk_room_b,
          serial_library_hellmonk_recessed_alcove,
          serial_library_hellmonk_h_bend, serial_library_hellmonk_small_alcove,
          uniq_jeremiah, uniq_maggie
D:8:      layout_rooms, serial_shops, nicolae_shop_crystal, hellmonk_scale_shop
D:9:      layout_roguey, lair_entry_dummy, serial_shops,
          nicolae_shop_hallway_plus, chequers_guarded_unrand_ignorance
D:10:     layout_small_grid
D:11:     layout_rooms, erik_orc_1, minivault_20, nrook_mini_vaults, uniq_harold
D:12:     regret_index_bee_streams, layout_rooms,
          nicolae_hepliaklqana_monster_ancestors, uniq_psyche, uniq_azrael
Temple:   nicolae_temple_god_jail
Lair:1:   layout_small_grid, beast_lair_carwin_3, serial_bayou_shore_a

Skill      XL: |  1  2  3  4  5  6  7  8  9 10 11 12 |
---------------+-------------------------------------+-----
Spellcasting   | 3 4 5 6 8 |  8.4
Fighting       | 2 7 11 15 17 | 17.1
Air Magic      | 1 |  1.1
Summonings     | 6 10 12 | 12.9
Dodging        | |  1.7
Stealth        | |  1.4

Action                     |  1- 3 |  4- 6 |  7- 9 | 10-12 || total
---------------------------+-------+-------+-------+-------++-------
  Melee: Unarmed           |     2 |       |       |       ||     2
         Dagger            |    65 |    92 |       |       ||   157
         Headbutt          |     6 |    22 |    67 |    78 ||   173
         Short sword       |       |    22 |   281 |   200 ||   503
         Punch             |       |       |     2 |     3 ||     5
         Hand axe          |       |       |       |   140 ||   140
  Throw: Throwing net      |       |       |       |     2 ||     2
   Cast: Summon Small Mamm |    28 |       |       |       ||    28
         Call Imp          |     7 |    15 |    50 |    68 ||   140
         Call Canine Famil |     6 |    16 |    44 |    60 ||   126
         Summon Lightning  |       |       |       |    79 ||    79
         Monstrous Menager |       |       |       |     4 ||     4
 Invoke: Potion Petition   |       |       |       |     2 ||     2
  Evoke: Wand              |       |       |       |     9 ||     9
    Use: Scroll            |       |     6 |     3 |    16 ||    25
         Potion            |       |     2 |     5 |    10 ||    17
   Stab: Distracted        |     1 |       |     5 |     6 ||    12
         Sleeping          |       |     2 |     3 |       ||     5
         Invisible         |       |       |       |     1 ||     1
 Armour: Robe              |    46 |    62 |    59 |       ||   167
         Steam dragon scal |       |       |    85 |   294 ||   379
         Skin              |       |       |       |     8 ||     8
  Dodge: Dodged            |    26 |    44 |   187 |   367 ||   624
